Map: Ascension to Aiur LE

Players

akira

  • Race: Protoss Protoss
  • League: Master
  • Spawn Location: 11:00

Sonagi - Winner!

  • Race: Terran Terran
  • League: Master
  • Spawn Location: 5:00

VOD

Have the link to the VOD?

Description

Time

  • Played on: Oct. 23, 2017, 3:57 p.m.
  • Length: 6:31
Show
View Real Time Build Order
Export as new Build Order

akira Protoss 

Build Orders: 1 Gate Expand 

Get SALT Encoding   

  12  0:01  Probe (Chrono Boost)  
  13  0:11  Probe (Chrono Boost)  
  14  0:18  Pylon  
  14  0:22  Probe (Chrono Boost)  
  15  0:37  Gateway, Probe (Chrono Boost)  
  16  0:43  Assimilator  
  16  0:47  Probe (Chrono Boost)  
  17  0:58  Probe (Chrono Boost)  
  18  1:08  Probe (Chrono Boost)  
  19  1:21  Nexus  
  19  1:30  Cybernetics Core  
  19  1:34  Probe (Chrono Boost)  
  20  1:41  Assimilator  
  20  1:45  Probe (Chrono Boost)  
  21  1:50  Pylon  
  21  1:55  Probe (Chrono Boost)  
  22  2:08  Adept (Chrono Boost)  
  24  2:13  Mothership Core (Chrono Boost)  
  26  2:21  Warp Gate (Chrono Boost)  
  26  2:32  Adept (Chrono Boost)  
  26  2:34  Probe (Chrono Boost)  
  26  2:35  Probe (Chrono Boost)  
  30  2:44  Probe x2  
  32  2:51  Robotics Facility  
  32  2:55  Probe  
  32  2:56  Probe  
  34  3:05  Probe  
  34  3:09  Probe  
  36  3:13  Gateway  
  36  3:14  Gateway  
  36  3:24  Probe  
  37  3:28  Probe  
  37  3:29  Twilight Council  
  38  3:36  Probe  
  38  3:39  Probe  
  40  3:43  Observer  
  40  3:46  Pylon  
  41  3:48  Probe  
  41  3:49  Probe, Pylon  
  43  4:00  Probe x2  
  45  4:06  Blink (Chrono Boost)  
  45  4:07  Forge  
  44  4:11  Probe  
  44  4:13  Observer, Probe  
  47  4:23  Probe  
  48  4:24  Assimilator x2  
  48  4:25  Stalker x2  
  48  4:28  Probe  
  53  4:31  Stalker  
  53  4:36  Observer  
  53  4:38  Probe  
  56  4:42  Probe  
  58  4:49  Pylon  
  58  4:50  Probe  
  59  4:54  Probe, Pylon  
  60  5:01  Warp Prism  
  60  5:02  Probe  
  63  5:11  Stalker x3  
  69  5:17  Probe  
  70  5:23  Probe  
  71  5:31  Probe  
  72  5:40  Nexus  
  72  5:42  Sentry x3  
  78  5:53  Pylon  
  78  5:54  Pylon  
  78  6:03  Probe  
  78  6:11  Probe  
  83  6:16  Zealot x3  
  83  6:17  Probe  
Show
View Real Time Build Order
Export as new Build Order

Sonagi Terran - Winner!

Build Orders: Cyclone Opening, Reaper Expand 

Get SALT Encoding   

  12  0:01  SCV  
  13  0:13  SCV  
  14  0:17  Supply Depot  
  14  0:25  SCV  
  15  0:38  SCV  
  15  0:40  Barracks  
  16  0:44  Refinery  
  16  0:50  SCV  
  17  1:03  SCV  
  18  1:15  SCV  
  19  1:27  Orbital Command  
  19  1:28  Reaper  
  20  1:40  Command Center  
  20  1:49  Supply Depot  
  20  1:53  SCV  
  21  2:00  Marine  
  22  2:05  SCV  
  23  2:10  Factory  
  23  2:12  Refinery  
  23  2:17  SCV  
  23  2:21  Barracks Reactor  
  24  2:29  SCV  
  25  2:41  SCV  
  26  2:51  Barracks  
  26  2:53  SCV  
  26  2:54  Cyclone  
  26  2:55  Orbital Command  
  30  2:58  Marine  
  30  2:59  Marine  
  32  3:06  Engineering Bay  
  32  3:08  SCV  
  33  3:16  Marine x2  
  35  3:20  SCV  
  35  3:23  SCV  
  37  3:30  Cyclone  
  40  3:34  Marine x2, SCV  
  40  3:36  Terran Infantry Weapons Level 1  
  40  3:38  SCV  
  40  3:40  Barracks Tech Lab  
  44  3:46  SCV  
  45  3:53  SCV  
  45  3:54  Supply Depot  
  46  3:56  Supply Depot  
  46  4:03  Stimpack  
  46  4:07  Marine  
  46  4:15  Marine x2, Factory Reactor, SCV x2  
  50  4:18  Starport  
  50  4:23  Supply Depot  
  50  4:27  SCV  
  50  4:28  Marine, SCV  
  50  4:30  Supply Depot  
  53  4:33  Marine x2  
  55  4:40  SCV x2  
  57  4:46  Marine  
  57  4:49  Supply Depot  
  57  4:52  Marine, SCV x2  
  61  4:55  Marine  
  61  4:59  Supply Depot  
  62  5:00  Medivac x2  
  62  5:04  Marine, Widow Mine, SCV x2  
  71  5:11  Marine  
  72  5:14  Marine  
  72  5:15  Command Center  
  72  5:18  Supply Depot  
  72  5:21  Refinery  
  73  5:25  Barracks  
  73  5:27  Marine, SCV x2  
  76  5:30  Marine  
  76  5:34  Marine  
  76  5:35  Factory Reactor  
  78  5:39  SCV  
  78  5:41  SCV  
  78  5:42  Refinery  
  80  5:47  Marine, Supply Depot  
  80  5:49  Supply Depot  
  81  5:50  Marine  
  81  5:51  SCV  
  81  5:54  Marine  
  84  5:57  SCV  
  85  6:05  Marine  
  85  6:07  SCV  
  85  6:08  Marine  
  85  6:10  SCV  
  93  6:12  Marine  
Tags
 
Add a new tag
Caveats
  • Supply blocks, unpowered buildings, or Contaminate may cause inaccurate times.
  • Supply counts are checked every 10 seconds.